Unix NetHack Version 5.0.0-0 post-release - last build May 10 2026 23:12:36 (d1fa5d53e341ca933230fdaa984d921c805b60aa,branch:main).

Game began 2026-05-15 08:38:17, ended 2026-05-15 08:48:39.

GdeVolpiano, lawful female human Archeologist

                                      ---
                                     -..|
                                    ....--
                                   |...).|
                                    -.@.--
                                    -Gd<.|
                                    .G...
                                     ...

GdeVolpiano the Field Worker  St:11 Dx:11 Co:12 In:15 Wi:16 Ch:10  Lawful
Dlvl:5  $:117 HP:0(29) Pw:16(16) AC:4  Xp:4 T:1930 

Latest messages:
 You hit the elf zombie!
 The elf zombie misses!
 You hit the elf zombie.
 The elf zombie hits!
 You destroy the elf zombie!
 Where do you want to travel to?
 (For instructions type a '?')
 You hit the elf zombie!
 You are beginning to feel hungry.
 You hit the elf zombie.
 You destroy the elf zombie!
 What do you want to eat? [drv or ?*]
 Blecch!  Rotten food!
 Everything suddenly goes dark.
 You finish eating the food ration.
 Where do you want to travel to?
 (For instructions type a '?')
 You can see again.
 You descend the stairs.
 Indy misses the gnome.
 The gnome hits!
 Indy misses the gnome.
 You hit the gnome.
 Indy misses the gnome.
 The gnome misses!
 You kill the gnome!
 Indy eats a gnome corpse.
 The gnome hits!
 You hit the gnome.
 The gnome hits!
 You kill the gnome!
 There is a gnome corpse here; eat it? [ynq] (n)
 Blecch!  Rotten food!
 The world spins and goes dark.
 You are conscious again.
 D - a partly used candle (lit).
 What do you want to use or apply? [eghBD or ?*]
 You snuff out your candle.
 A dart misses you.
 There is a partly eaten gnome corpse here; eat it? [ynq] (n)
 You resume your meal.
 You are hit by a dart!
 You stop eating the gnome corpse.
 What do you want to use or apply? [eghBD or ?*]
 Your lantern is now on.
 The dart misses the gnome.
 You are hit by a dart.
 The gnome hits!
 You die...
 Do you want your possessions identified? [ynq] (y)

Inventory:
 Coins    ('$')
  $ - 117 gold pieces
 Armor    ('[')
  c - an uncursed +0 fedora (being worn)
  j - a blessed +2 scale mail (being worn)
 Comestibles  ('%')
  r - an uncursed fig
  d - 4 uncursed food rations
 Tools    ('(')
  h - an empty uncursed sack
  B - an uncursed brass lantern (lit)
  e - a +0 pick-axe (weapon in right hand)
  D - an uncursed partly used wax candle
 Gems/Stones  ('*')
  g - an uncursed touchstone

GdeVolpiano the Archeologist's attributes:

Background:
 You were a Field Worker, a level 4 female human Archeologist.
 You were lawful, nominally on a mission for Quetzalcoatl
 who was opposed by Camaxtli (neutral) and Huhetotl (chaotic).
 You were right-handed.
 You were in the Gnomish Mines, on level 5.
 You entered the dungeon 1930 turns ago.
 You had 155 experience points, 5 more were needed to attain level 5.

Basics:
 You had 0 out of 29 hit points.
 You had all 16 energy points (spell power).
 Your armor class was 4.
 Your wallet contained 117 zorkmids.
 Autopickup was on for '$?!/="+' plus thrown, with exceptions.

Final Characteristics:
 Your strength was 11 (limit:18/100).
 Your dexterity was 11 (limit:18).
 Your constitution was 12 (limit:18).
 Your intelligence was 15 (limit:18).
 Your wisdom was 16 (limit:18).
 Your charisma was 10 (limit:18).

Final Status:
 You weren't hungry.
 You were unencumbered.
 You were wielding a pick-axe.
 You had basic skill with pick-axe.

Final Attributes:
 You were devoutly aligned.
 You had automatic searching.
 You were warded.
 You were lucky.
 You are dead.

Miscellaneous:
 You didn't encounter any bones levels.
 Total elapsed playing time was 10 minutes and 20 seconds.

Major events:
 Turn
    1: GdeVolpiano the lawful female human Archeologist entered the dungeon
  894: attained the rank of Field Worker (level 3)
 1834: entered the Gnomish Mines
 1930: killed by a gnome

You didn't know any spells.

Skills:
 Fighting Skills
   bare handed combat [Unskilled]
   two weapon combat  [Unskilled]
   riding             [Unskilled]
 Weapon Skills
   dagger             [Unskilled]
   knife              [Unskilled]
   pick-axe           [Basic]
   short sword        [Unskilled]
   saber              [Unskilled]
   club               [Unskilled]
   quarterstaff       [Unskilled]
   sling              [Unskilled]
   dart               [Unskilled]
   boomerang          [Unskilled]
   whip               [Basic]
   unicorn horn       [Unskilled]
 Spellcasting Skills
   attack spells      [Unskilled]
   healing spells     [Unskilled]
   divination spells  [Unskilled]
   matter spells      [Unskilled]

Voluntary challenges:
 Character rerolling was not enabled.
 You were an atheist.
 You never genocided any monsters.
 You never polymorphed an object.
 You never changed form.
 You used no wishes.
Achievements:
 You attained the rank of Field Worker.
 You entered the Gnomish Mines.

 The Dungeons of Doom: levels 1 to 5
    Level 1:
       Some fountains.
    Level 2:
    Level 3:
       A fountain.
    Level 4:
       A fountain.
       Stairs down to The Gnomish Mines.
    Level 5:
 The Gnomish Mines:
    Level 5: <- You were here.
       Final resting place for
          you, killed by a gnome.


Vanquished creatures:
 an imp
  2 elf zombies
  2 giant ants
  a floating eye
  a homunculus
  2 kobold leaders
  a giant bat
 an iguana
  a hobbit
  a large kobold
  2 hobgoblins
  a yellow mold
  2 gnomes
  a gecko
  4 jackals
  2 kobolds
  2 goblins
  2 grid bugs
  2 lichens
  5 newts
36 creatures vanquished.

No species were genocided or became extinct.

Game over:
                       ----------
                      /          \
                     /    REST    \
                    /      IN      \
                   /     PEACE      \
                  /                  \
                  |   GdeVolpiano    |
                  |      117 Au      |
                  |   killed by a    |
                  |      gnome       |
                  |                  |
                  |                  |
                  |       2026       |
                 *|     *  *  *      | *
        _________)/\\_//(\/(/\)/\//\/|_)_______

Goodbye GdeVolpiano the Archeologist...

You died in The Gnomish Mines on dungeon level 5 with 926 points,
and 117 pieces of gold, after 1930 moves.
You were level 4 with a maximum of 29 hit points when you died.

